Map: New Gettysburg LE

Players

Gracz

  • Race: Protoss Protoss
  • League: Silver

Henzelt - Winner!

  • Race: Protoss Protoss
  • League: Silver

VOD

Have the link to the VOD?

Description

Time

  • Played on: Oct. 25, 2016, 1:14 p.m.
  • Length: 4:20
Show
View Real Time Build Order
Export as new Build Order

Gracz Protoss 

Build Orders: 1 Gate Expand 

Get SALT Encoding   

  12  0:04  Probe (Chrono Boost)  
  14  0:21  Probe (Chrono Boost)  
  14  0:24  Pylon  
  14  0:26  Assimilator  
  14  0:32  Probe (Chrono Boost)  
  15  0:44  Probe (Chrono Boost)  
  16  0:53  Gateway  
  16  0:55  Probe (Chrono Boost)  
  17  1:06  Pylon  
  18  1:11  Probe (Chrono Boost)  
  18  1:25  Probe (Chrono Boost)  
  19  1:39  Unknown, Nexus  
  19  1:52  Probe (Chrono Boost)  
  20  1:54  Cybernetics Core  
  20  2:02  Assimilator  
  20  2:03  Probe (Chrono Boost)  
  21  2:14  Probe (Chrono Boost)  
  22  2:24  Probe (Chrono Boost)  
  23  2:44  Stargate  
  23  2:50  Stargate  
  23  2:51  Unknown  
  18  3:11  Probe (Chrono Boost)  
  12  3:58  Pylon x2  
  12  4:00  Pylon  
Show
View Real Time Build Order
Export as new Build Order

Henzelt Protoss - Winner!

Build Orders:  

Get SALT Encoding   

  12  0:14  Pylon  
  12  0:36  Gateway  
  12  0:39  Gateway  
  12  1:05  Pylon  
  12  1:08  Pylon  
  12  1:13  Pylon  
  12  1:25  Zealot  
  12  1:26  Zealot  
  16  1:49  Zealot  
  16  1:53  Zealot  
  20  2:13  Zealot  
  20  2:20  Zealot  
  24  2:36  Zealot  
  26  2:47  Zealot  
  28  3:00  Zealot  
  30  3:43  Zealot  
  30  3:46  Zealot  
Tags
 
Add a new tag
Caveats
  • Supply blocks, unpowered buildings, or Contaminate may cause inaccurate times.
  • Supply counts are checked every 10 seconds.